 Dungeon Crawl Stone Soup version 0.27-a0-1525-g1038ab4fd7 (webtiles) character file.

Game seed: 3892899123373515899

23 hatdisgam the Shield-Bearer (level 2, -1/16 HPs)
             Began as a Vine Stalker Fighter on July 11, 2021.
             Slain by Sigmund (9 damage)
             ... on level 2 of the Dungeon.
             The game lasted 00:01:08 (839 turns).

hatdisgam the Shield-Bearer (Vine Stalker Fighter)   Turns: 839, Time: 00:01:09

Health: -1/16      AC:  7    Str: 18    XL:     2   Next: 95%
Magic:  0/3        EV:  7    Int:  8    God:
Gold:   9          SH:  0    Dex: 13    Spells: 1/1 levels left

rFire    . . .     SeeInvis .   a - +0 long sword
rCold    . . .     Faith    .   c - +0 kite shield
rNeg     . . .     Spirit   +   b - +0 scale mail
rPois    .         Reflect  .   n - +0 helmet
rElec    .         Harm     .   (no cloak)
rCorr    .         Rampage  .   (no gloves)
Will     .....                  (no boots)
Stlth    ..........             (no amulet)
HPRegen  0.05/turn              (no ring)
MPRegen  0.08/turn              (no ring)

@: confused
A: fangs 2, magic shield, antimagic bite, no potion heal 2
a: no special abilities


You were on level 2 of the Dungeon.
You visited 1 branch of the dungeon, and saw 2 of its levels.

You collected 9 gold pieces.

Inventory:

Hand Weapons
 a - a +0 long sword (weapon)
 i - a +0 hunting sling
Missiles
 f - 3 atropa-tipped darts (quivered)
 g - 33 stones
 h - 5 boomerangs
Armour
 b - a +0 scale mail (worn)
 c - a +0 kite shield (worn)
 n - a +0 helmet (worn)
Scrolls
 e - 3 scrolls of holy word {unknown}
 j - a scroll of blinking {unknown}
 k - 2 scrolls of fear {unknown}
 l - a scroll of identify {unknown}
Potions
 d - a potion of might
 m - a potion of lignification {unknown}


   Skills:
 - Level 2.6 Fighting
 * Level 2.6 Long Blades
 + Level 0.3 Slings
 - Level 2.4 Armour
 + Level 3.0 Shields


You had one spell level left.
You didn't know any spells.
Your spell library contained the following spells:

 Spells                   Type           Power      Damage    Failure   Level
 Ozocubu's Armour         Ice            0%         N/A       100%        3
 Ozocubu's Refrigeration  Ice            0%         4d5       100%        7


Dungeon Overview and Level Annotations

Branches:
Dungeon (2/15)

Altars:

Annotations:
D:2 Sigmund


Innate Abilities, Weirdness & Mutations

You have extremely sharp teeth.
When hurt, damage is shared between your health and your magic reserves.
Your bite disrupts and absorbs the magic of your enemies.
Potions cannot restore your health.


Message History

You climb downwards.
There is a stone staircase leading up here.
Unknown command.
There is a stone staircase leading up here.
Found a leather armour and a helmet.
You see here a +0 leather armour.
An endoplasm comes into view.
An endoplasm is nearby!
An endoplasm is nearby!
An endoplasm is nearby!
You slash the endoplasm!
You kill the endoplasm!
No target in view!
No target in view!
No target in view!
No target in view!
No target in view!
You see here a +0 helmet.
n - a +0 helmet You start putting on your armour.
You continue putting on your +0 helmet. x4
You finish putting on your +0 helmet.
You open the door.
Sigmund the Dreaded comes into view.
He is wielding a +0 scythe.
Sigmund shouts!
Sigmund casts a spell.
Sigmund flickers and vanishes!
Deactivating autopickup; reactivate with Ctrl-A.
There is a strange disturbance nearby!
There is a strange disturbance nearby!
There is a strange disturbance nearby!
You hear some strange, mumbled words.
Something tries to affect you, but you resist.
You hear some strange, mumbled words.
You are confused.
A worm comes into view.
Something hits you!
Ouch! That really hurt!
You bump into the rock wall.
Something hits you!
Ouch! That really hurt!
You die...

####...####
##...##
###.....### #+
#.........# ...
#.........# ....
#.........# .....
###.....###
......####.....##
......{@.....[.#
.w....####....##
..... ###.#.#
.... #.....# ...
#.##### #+ #.#
#.# #.# #.#


You could see a worm.

Vanquished Creatures
  2 ball pythons (D:1)
  2 endoplasms
  2 goblins (D:1)
  3 hobgoblins (D:1)
  3 jackals (D:1)
  A quokka (D:1)
  A bat (D:1)
  3 frilled lizards (D:1)
  3 kobolds (D:1)
  2 rats (D:1)
22 creatures vanquished.

Notes
Turn   | Place    | Note
-------+----------+-------------------------------------------
     0 | D:1      | hatdisgam the Vine Stalker Fighter began the quest for the
                  | Orb.
     0 | D:1      | Reached XP level 1. HP: 11/11 MP: 2/2
   181 | D:1      | Reached XP level 2. HP: 13/16 MP: 3/3
   466 | D:1      | Found a faded altar of an unknown god.
   480 | D:1      | Reached skill level 3 in Shields
   834 | D:2      | Noticed Sigmund
   839 | D:2      | Slain by Sigmund

Illustrated notes

Levels and vault maps discovered:
D:1:      heliophobic_arrival_glass_houses, layout_basic,
          hellmonk_ecumenical_altar_prayer_group, st_stairs_2,
          minmay_tetromino_l2
D:2:      layout_loops_corners, basic_altar, uniq_robin, uniq_sigmund

Skill      XL: |  1  2 |
---------------+-------+-----
Long Blades    | 2 |  2.6
Shields        | 3 |  3.0
Fighting       | |  2.6
Slings         | |  0.3
Armour         | |  2.4

Action                   || total
-------------------------++-------
Melee: Long sword        ||    39
       Bite              ||    12
Armor: Scale mail        ||    24
Dodge: Dodged            ||    14
Block: Kite shield       ||    22
       Rpst.: Long sword ||     5

Table legend: (Time is in decaauts)
 A = Elapsed time spent in this place.
 B = Non-inter-level travel time spent in this place.
 C = Inter-level travel time spent in this place.
 D = Time resting spent in this place.
 E = Time spent auto-exploring this place.
 F = Levels seen in this place.
 G = Mean time per level.
                   A        B        C        D        E       F      G
               +--------+--------+--------+--------+--------+-----+--------+
         Total |    859 |    849 |     10 |      0 |    703 |   2 |  429.5 |
       Dungeon |    859 |    849 |     10 |      0 |    703 |   2 |  429.5 |
               +--------+--------+--------+--------+--------+-----+--------+

Top non-repeatable levels by time:
     D:1: 800 daAuts
     D:2: 59 daAuts
